cohdb
Replays
Latest Replays
All Replays
Popular Replays
Top Player Replays
Match Explorer
How It Works
Community
CoH3 Stats
Reddit
Sign in to upload your games and track your stats! →
Sign in with Steam
Match 40479786
Unlisted
Match 40479786
Overview
Messages
Build Orders
End
Kradschützen Motorcycle Team
250 Light Carrier
Selects Armored Support Battlegroup
Panzergrenadier Squad
Panzergrenadier Squad
Construct Light Support Kompanie
Selects Superior Fire Drills
Panzerjäger Squad
Assault Mechanized Group
Construct Mechanized Kompanie
Selects Salvage Kits
Support Armor Elements
StuG III D Assault Gun
StuG III D Assault Gun
Construct Panzerarmee Kommand
2.5-tonne Medical Truck
Rapid Advance
Pak 38 Mechanized Group
Selects Panzer Storm
Selects Stuka Anti-tank Loiter
Armored Reserves
Selects Flammpanzer III Medium Tank
Emergency Repair Kits
Tungsten Core Ammunition
Stuka Anti-tank Loiter
Tiger Heavy Tank
Selects Command Panzer IV F Medium Tank
Pak 38 Anti-tank Gun Team
deadsadbadmad
Nemesis91
Toxic Grandfather
RC40D
0
0
Comments
sign in to comment!
No comments posted yet!